 Dungeon Crawl Stone Soup version 0.31-a0-795-g5eb97db20b (webtiles) character file.

Game seed: 4806164690970181498

287 lunkers the Insei (level 6, -3/42 HPs)
             Began as a Meteoran Shapeshifter on Sept 7, 2023.
             Was a Believer of Hepliaklqana.
             Slain by an iguana (10 damage)
             ... on level 4 of the Dungeon on Sept 18, 2023.
             The game lasted 00:04:58 (1497 turns).

lunkers the Insei (Meteoran Shapeshifter)           Turns: 1497, Time: 00:04:59

Health: -3/42      AC:  2    Str: 16    XL:     6   Next: 87%
Magic:  7/7        EV: 17    Int: 11    God:    Hepliaklqana [**....]
Gold:   153        SH:  0    Dex: 16    Spells: 5/5 levels left

rFire   . .          .
                       - Unarmed
rCold   . . .        (no shield)
rNeg    . . .        a - +0 animal skin
rPois   .            (helmet currently unavailable)
rElec   .            (cloak currently unavailable)
rCorr   .            (gloves currently unavailable)
SInv    .            (boots currently unavailable)
Will    .....        (no amulet)
Stlth   +            b - +5 ring of evasion
HPRegen 0.27/turn    (no ring)
MPRegen 0.10/turn

%: no passive effects
@: beast-form, weak-willed, glowing
A: beast (slay +3), reduced essence, sense surroundings 1, otherworldly,
glowing, explore regen
a: Begin Untransformation, Renounce Religion, Recall Ancestor, Ancestor Identity


You were on level 4 of the Dungeon.
You worshipped Hepliaklqana.
Hepliaklqana was pleased with you.
You were a hulking beast.
You visited 1 branch of the dungeon, and saw 4 of its levels.

You collected 153 gold pieces.

Inventory:

Armour
 a - a +0 animal skin (worn)
 p - a +0 cloak
Jewellery
 b - a +5 ring of evasion (left hand)
Talismans
 c - a beast talisman (active)
 d - a flux talisman
Scrolls
 e - a scroll of teleportation {unknown}
 f - a scroll of immolation {unknown}
 i - a scroll of fog {unknown}
 j - a scroll of vulnerability
 k - a scroll of blinking {unknown}
 o - a scroll of amnesia {unknown}
Potions
 g - a potion of haste
 l - 2 potions of mutation
 m - a potion of ambrosia {unknown}
 n - a potion of attraction {unknown}


   Skills:
 - Level 1.1 Fighting
 - Level 2.1 Dodging
 * Level 7.0 Unarmed Combat
 + Level 5.3 Shapeshifting


You had 5 spell levels left.
You didn't know any spells.
Your spell library contained the following spells:

 Spells                   Type           Power      Damage    Failure   Level
 Scorch                   Fire           0%         2d5       47%         2
 Frozen Ramparts          Ice            0%         1d1       71%         3
 Inner Flame              Hex/Fire       0%         N/A       71%         3


Dungeon Overview and Level Annotations

Branches:
Dungeon (4/15) Zot: 917    Temple (0/1) D:4

Altars:
Hepliaklqana
Uskayaw

Shops:
D:2 *   D:4 !


Innate Abilities, Weirdness & Mutations

You are a hulking beast.
Your limbs bulge with bestial killing power. (Slay +3)
Your life essence is reduced to manifest your ancestor. (-10% HP)
You passively map a small area around you.
You are easily found by Zot.
You glow in the dark.
You regain HP and MP as you explore.


Message History

You closely miss the iguana.
The iguana is lightly wounded.
The adder bites Nebetia.
The iguana closely misses you.
You closely miss the iguana.
The iguana is lightly wounded.
Nebetia hits the iguana with a +0 quarterstaff.
The adder closely misses Nebetia.
You hit the iguana.
The iguana is heavily wounded.
The iguana bites you!
* * * LOW HITPOINT WARNING * * *
Nebetia barely misses the iguana.
The adder bites Nebetia.
You hit the iguana but do no damage. You punch the iguana, but do no damage.
The iguana is heavily wounded.
The iguana barely misses you.
The quokka bites Nebetia but does no damage.
Nebetia barely misses the quokka.
The adder bites Nebetia.
Unknown command.
You closely miss the iguana.
The iguana is heavily wounded.
The quokka barely misses Nebetia.
The adder bites Nebetia.
The iguana bites you.
* * * LOW HITPOINT WARNING * * *
Nebetia closely misses the adder.
You hit the iguana.
The iguana is severely wounded.
The adder bites Nebetia.
The quokka bites Nebetia.
The iguana completely misses you.
Nebetia closely misses the quokka.
Unknown command.
You barely miss the iguana.
The iguana is severely wounded.
The adder bites Nebetia but does no damage.
The quokka barely misses Nebetia.
The iguana bites you!
* * * LOW HITPOINT WARNING * * *
Nebetia barely misses the quokka.
You hit the iguana.
The iguana is almost dead.
The adder barely misses Nebetia.
The quokka barely misses Nebetia.
The adder barely misses Nebetia.
The iguana bites you!
You die...

,. , , ..#* * ..#
##.## * , , ...
....####* . ,..
...... , ..
,#r##K.# *,* , ..#
#..S..# , ..
####..# *
,#.####S.# * * #
#..hlRr?# , ,
###...##.###K.# > *
, .......#..##..# ,
##..>..##.....# * *
* * ,
#........#...#####
*
#...###...........
#.###.†.)...####..#
##.#.#...#######
#..# .........#
#..#


You could see the friendly Nebetia the battlemage (weak-willed), an iguana, an
adder, a quokka (ally target) and a kobold.

Vanquished Creatures
  2 scorpions (D:4)
  2 iguanas
  An adder (D:3)
  4 dart slugs
  2 orcs (D:3)
  A ball python (D:3)
  6 bats
  10 endoplasms
  2 giant cockroaches
  7 goblins
  4 hobgoblins
  11 kobolds
  4 quokkas
  2 frilled lizards
  2 rats (D:1)
60 creatures vanquished.

Vanquished Creatures (collateral kills)
  A jelly (D:4)
  2 dart slugs (D:3)
  A goblin (D:4)
  A bat (D:3)
5 creatures vanquished.

Grand Total: 65 creatures vanquished

Notes
Turn   | Place    | Note
-------+----------+-------------------------------------------
     0 | D:1      | lunkers the Meteoran Shapeshifter began the quest for the
                  | Orb.
     0 | D:1      | Reached XP level 1. HP: 16/16 MP: 2/2
    28 | D:1      | Upgraded the game from 0.31-a0-700-gf13585253f to
                  | 0.31-a0-795-g5eb97db20b
    71 | D:1      | Reached XP level 2. HP: 23/23 MP: 3/3
    88 | D:1      | Reached skill level 4 in Unarmed Combat
   114 | D:1      | Reached XP level 3. HP: 14/28 MP: 4/4
   487 | D:1      | Found a faded altar of an unknown god.
   495 | D:1      | Prayed at the altar of an unknown god.
   495 | D:1      | Became a worshipper of Hepliaklqana the Forgotten
   495 | D:1      | Reached * piety under Hepliaklqana
   504 | D:1      | Glimpsed the power of Zot.
   579 | D:2      | Reached XP level 4. HP: 23/31 MP: 5/5
   694 | D:2      | Reached skill level 5 in Unarmed Combat
   698 | D:2      | Found Decesecue's General Store.
   895 | D:3      | HP: 2/46 [poisoned by an adder]
  1007 | D:3      | Noticed a +0 falchion
  1007 | D:3      | Noticed a +0 short sword
  1008 | D:3      | Noticed a +0 dagger
  1008 | D:3      | Noticed a +0 spear
  1008 | D:3      | Noticed a +0 dagger
  1009 | D:3      | Noticed a +0 falchion
  1009 | D:3      | Noticed a +0 spear
  1009 | D:3      | Noticed a +0 short sword
  1024 | D:3      | Found a hide-covered altar of Uskayaw.
  1076 | D:3      | Got a humming book
  1101 | D:3      | Reached XP level 5. HP: 24/36 MP: 6/6
  1109 | D:3      | Reached ** piety under Hepliaklqana
  1392 | D:4      | Found Jinleiba's Distillery.
  1411 | D:4      | Reached skill level 6 in Unarmed Combat
  1456 | D:4      | Reached skill level 5 in Shapeshifting
  1456 | D:4      | Reached XP level 6. HP: 41/42 MP: 7/7
  1456 | D:4      | Remembered your ancestor Nebetia as a battlemage
  1457 | D:4      | Found a staircase to the Ecumenical Temple.
  1487 | D:4      | Reached skill level 7 in Unarmed Combat
  1497 | D:4      | Slain by an iguana

Illustrated notes

Levels and vault maps discovered:
D:1:      lemuel_arrival_funnel, layout_basic,
          shapermc_ecumenical_altar_mp_highgroup, minmay_tromino_v7
D:2:      minmay_alternating_diamond, layout_loops_corners, serial_shops,
          nicolae_shop_crystal, kennysheep_generic_room_8
D:3:      layout_basic, nicolae_uskayaw_en_pointe
D:4:      wad_lake_hut, layout_loops_ring, mainiacjoe_overflow_alcove_1,
          minmay_temple_entry_slanted, serial_shops, nicolae_diamond_shop

Skill      XL: |  1  2  3  4  5  6 |
---------------+-------------------+-----
Unarmed Combat | 4 5 6 7 |  7.0
Shapeshifting  | 4 5 |  5.3
Fighting       | |  1.1
Dodging        | |  2.1

Action                     |  1- 3 |  4- 6 || total
---------------------------+-------+-------++-------
  Melee: Unarmed           |    63 |    88 ||   151
         Punch             |     1 |     2 ||     3
 Invoke: Ancestor Life: Ba |       |     1 ||     1
    Use: Potion            |       |     1 ||     1
         Scroll            |       |     3 ||     3
   Stab: Distracted        |       |     1 ||     1
 Armour: Animal skin       |    32 |    45 ||    77
  Dodge: Dodged            |    36 |    46 ||    82

Table legend: (Time is in decaauts)
 A = Elapsed time spent in this place.
 B = Non-inter-level travel time spent in this place.
 C = Inter-level travel time spent in this place.
 D = Time resting spent in this place.
 E = Time spent auto-exploring this place.
 F = Levels seen in this place.
 G = Mean time per level.
                   A        B        C        D        E       F      G
               +--------+--------+--------+--------+--------+-----+--------+
         Total |   1481 |   1442 |     39 |     33 |   1014 |   4 |  370.2 |
       Dungeon |   1481 |   1442 |     39 |     33 |   1014 |   4 |  370.2 |
               +--------+--------+--------+--------+--------+-----+--------+

Top non-repeatable levels by time:
     D:3: 527 daAuts
     D:1: 516 daAuts
     D:2: 302 daAuts
     D:4: 135 daAuts
